 Dungeon Crawl Stone Soup version 0.25-a0-544-gee0576305d (webtiles) character file.

Game seed: 6405139021182960191, levelgen mode: deterministic

136 Irikuri the Slasher (level 5, -3/43 HPs)
             Began as a Merfolk Berserker on Feb 20, 2020.
             Was a Follower of Trog.
             Slain by a gnoll
             ... wielding a +0 whip
              (10 damage)
             ... on level 4 of the Dungeon.
             The game lasted 00:08:36 (1411 turns).

Irikuri the Slasher (Merfolk Berserker)             Turns: 1411, Time: 00:08:37

Health: -3/43      AC:  6    Str: 18    XL:     5   Next: 19%
Magic:  5/5        EV: 11    Int:  7    God:    Trog [*.....]
Gold:   259        SH:  0    Dex: 13    Spells: 4/4 levels left

rFire    . . .     SeeInvis .   j - +2 short sword (elec)
rCold    . . .     Gourm    .   (no shield)
rNeg     . . .     Faith    .   k - +0 scale mail
rPois    .         Spirit   .   (no helmet)
rElec    .         Reflect  .   (no cloak)
rCorr    .         Harm     .   (no gloves)
MR       .....                  (no boots)
Stlth    +.........             (no amulet)
HPRegen  0.14/turn              f - ring of stealth
MPRegen  0.09/turn              (no ring)

@: berserk cooldown, slowed, very slow
A: change form in water, swift swim, stealthy swim
a: Berserk, Renounce Religion


You were on level 4 of the Dungeon.
You worshipped Trog.
Trog was aware of your devotion.
You were not hungry.

You visited 1 branch of the dungeon, and saw 4 of its levels.

You collected 259 gold pieces.

Inventory:

Hand Weapons
 a - a +0 falchion
 e - a +2 dagger of venom
 g - a +0 short sword
 j - a +2 short sword of electrocution (weapon)
Armour
 k - a +0 scale mail (worn)
Jewellery
 f - a ring of stealth (left hand)
Wands
 d - a wand of polymorph (13)
Scrolls
 h - a scroll of immolation {unknown}
Comestibles
 b - a ration
 c - a chunk of flesh


   Skills:
 + Level 4.3 Fighting
 + Level 1.1(3.3) Short Blades
 + Level 4.4(4.5) Long Blades
 + Level 2.0 Armour
 + Level 3.3 Dodging
 + Level 1.1 Stealth


You had 4 spell levels left.
You didn't know any spells.
Your spell library was empty.

Dungeon Overview and Level Annotations

Branches:
Dungeon (4/15)
 Temple: D:4-7

Altars:
Wu Jian


Message History

You are no longer berserk.
You are exhausted.
You feel yourself slow down.
You barely miss the gnoll.
The gnoll is heavily wounded.
The gnoll hits you from afar with a +0 spear.
The gnoll hits you with a +0 whip.
* * * LOW HITPOINT WARNING * * *
The gnoll hits you but does no damage. The gnoll barely misses you.
Your scale mail prevents you from hitting the gnoll.
The gnoll is heavily wounded.
The gnoll barely misses you. The gnoll hits you but does no damage.
You hit the gnoll but do no damage.
The gnoll is heavily wounded.
The gnoll hits you from afar with a +0 spear.
* * * LOW HITPOINT WARNING * * *
The gnoll completely misses you. The gnoll hits you but does no damage.
The gnoll hits you with a +0 whip!
You die...

### #.# #g# ..# #.#
#.# #.### ##.##
#####g# ....####...##
#...g.#
..#......?..##.#g####
..#..#.....##.###.##
.......#..##.## ##g#
.##..#......>.###g##
.##..####.####.#@##
.....####.# ##.##
####......# ###
########


You could see 2 gnolls.

Vanquished Creatures
  A gnoll shaman (D:4)
  Terence (D:2)
  5 gnolls
  An ooze (D:2)
  An adder skeleton (D:4)
  A leopard gecko (D:1)
  3 giant cockroaches
  3 goblins
  3 hobgoblins (D:1)
  A quokka (D:3)
  4 bats
  3 frilled lizards
  2 kobolds
  2 rats (D:1)
  A fungus (D:2)
32 creatures vanquished.

Vanquished Creatures (others)
  5 toadstools (D:2)
5 creatures vanquished.

Grand Total: 37 creatures vanquished

Notes
Turn   | Place    | Note
-------+----------+-------------------------------------------
     0 | D:1      | Irikuri the Merfolk Berserker began the quest for the Orb.
     0 | D:1      | Reached XP level 1. HP: 18/18 MP: 1/1
     2 | D:1      | Noticed a merfolk
     4 | D:1      | Noticed a demigod
     4 | D:1      | Noticed a tengu
     6 | D:1      | Noticed a vine stalker
     6 | D:1      | Noticed a demonspawn
     8 | D:1      | Noticed a halfling
    10 | D:1      | Noticed a formicid
    10 | D:1      | Noticed a minotaur
    12 | D:1      | Noticed a dwarf
    12 | D:1      | Noticed a spriggan
    14 | D:1      | Noticed a gargoyle
    14 | D:1      | Noticed an ogre
    16 | D:1      | Noticed an octopode
    16 | D:1      | Noticed a naga
    18 | D:1      | Noticed a troll
    18 | D:1      | Noticed a human
    20 | D:1      | Noticed a vampire
    20 | D:1      | Noticed a ghoul
    22 | D:1      | Noticed a felid
    24 | D:1      | Noticed a centaur
    26 | D:1      | Noticed a draconian
    26 | D:1      | Noticed an elf
   275 | D:1      | Reached XP level 2. HP: 14/24 MP: 2/2
   609 | D:2      | Reached XP level 3. HP: 9/30 MP: 3/3
   792 | D:2      | Noticed Terence
   797 | D:2      | Killed Terence
   797 | D:2      | Reached XP level 4. HP: 30/37 MP: 4/4
   903 | D:2      | Found an ornate altar of the Wu Jian Council.
  1398 | D:4      | Reached skill level 1 in Short Blades
  1398 | D:4      | Reached skill level 1 in Stealth
  1398 | D:4      | Reached XP level 5. HP: 30/42 MP: 5/5
  1411 | D:4      | Slain by a gnoll

Levels and vault maps discovered:
D:1:      kb_arrival_jail, layout_basic, minmay_misc_feat_nine_boxes
D:2:      layout_basic, okawaru_altar_gauntlet_db, lemuel_doored_altar,
          minmay_gold_behind_fungi, uniq_terence
D:3:      layout_loops_corners
D:4:      layout_loops_corners, led_sif_pool

Skill      XL: |  1  2  3  4  5 |
---------------+----------------+-----
Fighting       | 4 |  4.3
Long Blades    | 4 |  4.4
Dodging        | 3 |  3.3
Short Blades   | 1 |  1.1
Stealth        | 1 |  1.1
Armour         | 2 |  2.0

Action                   |  1- 3 |  4- 6 || total
-------------------------+-------+-------++-------
Melee: Falchion          |    23 |       ||    23
       Dagger            |    19 |       ||    19
       Short sword       |     3 |    43 ||    46
Invok: Berserk           |     1 |     1 ||     2
  Use: Potion            |     2 |       ||     2
 Stab: Sleeping          |       |     1 ||     1
  Eat: Ration            |     1 |       ||     1
Armor: Animal skin       |     7 |       ||     7
       Chain mail        |     1 |     3 ||     4
       Scale mail        |       |    13 ||    13
Dodge: Dodged            |    21 |    19 ||    40

Table legend:
 A = Non-vault XP
 B = Vault XP
 C = Vault XP percentage of total XP
 D = Non-vault monster count
 E = Vault monster count
 F = Vault count percentage of total count
                 A         B        C        D         E       F
            +---------+---------+-------+---------+---------+-------
      Total |     159 |      36 |  18.5 |      30 |       1 |   3.2
            +---------+---------+-------+---------+---------+-------
        D:1 |      19 |       0 |   0.0 |      12 |       0 |   0.0
        D:2 |      54 |      36 |  40.0 |       7 |       1 |  12.5
        D:3 |      12 |       0 |   0.0 |       7 |       0 |   0.0
        D:4 |      74 |       0 |   0.0 |       4 |       0 |   0.0
            +---------+---------+-------+---------+---------+-------
